 Dungeon Crawl Stone Soup version 0.30-a0-634-g8abc85282e (webtiles) character file.

Game seed: 4152315742824684491

17885 arthad the Summoner (level 12, -11/55 HPs)
             Began as a Felid Summoner on Jan 14, 2023.
             Was an Initiate of Gozag.
             Shot with an arrow by a centaur warrior (14 damage)
             ... on level 13 of the Dungeon.
             The game lasted 01:12:59 (16518 turns).

arthad the Summoner (Felid Summoner)               Turns: 16518, Time: 01:12:59

Health: -11/55     AC:  3    Str:  4    XL:     12   Next: 22%
Magic:  17/37      EV: 24    Int: 27    God:    Gozag
Gold:   3608       SH:  0    Dex: 17    Spells: 16/33 levels left
                                        Lives:  0   Deaths: 3

rFire   . . .      SeeInvis +    (weapon unavailable)
rCold   + . .      Faith    .    (shield unavailable)
rNeg    . . .      Spirit   .    (body armour unavailable)
rPois   .          Reflect  .    (helmet unavailable)
rElec   .          Harm     .    (cloak unavailable)
rCorr   .          Rampage  .    (gloves unavailable)
Will    +....                    (boots unavailable)
Stlth   ++                       (no amulet)
HPRegen 0.29/turn                y - ring of magical power
MPRegen 0.25/turn                I - +6 ring of intelligence

@: gold aura, quick
A: very small, claws 1, fangs 3, see invisible, speed 1, shaggy fur 3, stealthy
paws, no weapons or thrown items, no armour, multi-lived
a: Renounce Religion, Potion Petition, Call Merchant, Bribe Branch


You were on level 13 of the Dungeon.
You worshipped Gozag.
Gozag was most pleased with you.
You visited 1 branch of the dungeon, and saw 13 of its levels.
You also visited: Bailey.

You collected 3862 gold pieces.
You spent 232 gold pieces at shops.
You paid 22 gold pieces to Gozag.

Inventory:

Hand Weapons
 o - the +2 battleaxe "Concordance" {freeze, rCorr Str+3}
   (You found it in a bailey)

   Str:       It affects your strength (+3).
   rCorr:     It protects you from acid and corrosion.
 x - the +10 flail of Tomorrow {flame, rPois Str+4 Dex+4}
   (You found it on level 8 of the Dungeon)

   Str:       It affects your strength (+4).
   Dex:       It affects your dexterity (+4).
   rPois:     It protects you from poison.
Jewellery
 b - a ring of flight
 d - a +4 ring of protection
 j - a ring of ice
 y - a ring of magical power (left paw)
 A - a ring of wizardry
 D - a ring of ice
 E - an amulet of reflection
 G - a +6 ring of strength
 I - a +6 ring of intelligence (right paw)
Wands
 f - a wand of light (9)
 s - a wand of flame (8)
 F - a wand of charming (4)
Scrolls
 e - 2 scrolls of identify
 i - 2 scrolls of immolation
 k - 3 scrolls of teleportation
 l - 2 scrolls of poison
 p - a scroll of silence
 r - 2 scrolls of amnesia
 t - a scroll of blinking
 v - a scroll of magic mapping
 B - 2 scrolls of butterflies {unknown}
 H - 3 scrolls of enchant armour {unknown}
Potions
 a - 2 potions of magic
 c - 2 potions of flight
 g - 6 potions of lignification
 h - a potion of might
 m - 6 potions of curing
 n - a potion of resistance
 q - 2 potions of cancellation
 u - a potion of attraction
 z - 2 potions of brilliance
 C - 2 potions of ambrosia {unknown}
Miscellaneous
 w - a phial of floods


   Skills:
 + Level 8.3 Fighting
 + Level 11.1 Dodging
 - Level 2.6 Stealth
 * Level 11.1 Spellcasting
 - Level 5.0 Hexes
 * Level 13.2 Summonings
 * Level 4.4 Necromancy
 + Level 7.0 Air Magic


You had 16 spell levels left.
You knew the following spells:

 Your Spells              Type           Power      Damage    Failure   Level
a - Agony                 Necr           39%        N/A       17%         5
b - Call Imp              Summ           72%        N/A       1%          2
c - Call Canine Familiar  Summ           72%        N/A       1%          3
d - Summon Guardian Gole  Hex/Summ       59%        N/A       1%          3
e - Summon Lightning Spi  Summ/Air       63%        N/A       1%          4

Your spell library contained the following spells:

 Spells                   Type           Power      Damage    Failure   Level
 Summon Small Mammal      Summ           100%       N/A       0%          1
 Cigotuvi's Dreadful Rot  Necr/Pois/Air  70%        N/A       1%          2
 Freeze                   Ice            60%        1d7       3%          1
 Dazzling Flash           Conj/Hex       56%        N/A       4%          3
 Inner Flame              Hex/Fire       28%        N/A       4%          3
 Kindle Blastsparks       Fire/Tloc/Air  54%        2d14      4%          3
 Cause Fear               Hex            21%        N/A       4%          4
 Dispel Undead            Necr           39%        3d16      6%          4
 Silence                  Hex/Air        23%        N/A       9%          5
 Frozen Ramparts          Ice            30%        1d5       12%         3
 Hailstorm                Conj/Ice       15%        3d5       12%         3
 Ignite Poison            Fire/Tmut/Pois 15%        N/A       12%         3
 Leda's Liquefaction      Hex/Erth       14%        N/A       14%         4
 Freezing Cloud           Conj/Ice/Air   13%        6-21      38%         5
 Death Channel            Necr           19%        N/A       67%         6
 Discord                  Hex            21%        N/A       100%        8
 Portal Projectile        Hex/Tloc       Unusable   N/A       N/A         3

Dungeon Overview and Level Annotations

Branches:
Dungeon (13/15)            Temple (0/1) D:6            Lair (0/5) D:11
    Orc (0/2) D:11         Bailey (visited)
 Vaults: D:13-14

Altars:
Ashenzari
Dithmenos
Elyvilon
Gozag
Hepliaklqana
Okawaru
Qazlal
Wu Jian
Xom
The Shining One

Shops:
D:4 (*   D:6 *

Annotations:
D:12 1 runed translucent door


Innate Abilities, Weirdness & Mutations

You have sharp claws.
You have razor-sharp teeth.
You have supernaturally acute eyesight. (SInv)
You cover ground quickly. (Speed+)
Your thick and shaggy fur keeps you warm. (AC +3, rC+)
Your paws help you pounce on unaware monsters.
You are incapable of wielding weapons or throwing items.
You cannot wear armour.
You gain extra lives every three experience levels.


Message History

The centaur warrior shoots an arrow.
The arrow hits your guardian golem!! Flame seeps out of your guardian golem.
Your guardian golem is engulfed in blazing flames.
Your guardian golem disappears in a puff of smoke!
Your guardian golem explodes!
The fiery explosion engulfs the purple ugly thing!!
The purple ugly thing dies!
Your lightning spire shoots out a bolt of lightning at the centaur warrior!
The bolt of electricity hits the centaur warrior!!
Casting: Agony (quite dangerous; 17% risk of failure)
Confirm with . or Enter, or press ? or * to list all spells.
A guardian golem appears, shielding your allies.
Your lightning spire disappears in a puff of smoke!
The centaur warrior shoots an arrow.
The arrow closely misses you. The arrow hits your guardian golem!
You swap places.
The centaur warrior shoots an arrow.
The arrow hits your guardian golem!!
There is a fountain of clear blue water here.
What are your orders? t - Meow!
Orders for allies: a - Attack new target. r - Retreat! s - Stop attacking. g - Guard the area. f - Follow me.
Anything else - Cancel.
Gang up on whom?
Press: ? - help, Dir - move target, f - boulder beetle
Aim: a boulder beetle Attack!
Your guardian golem overheats!
The centaur warrior shoots an arrow.
The arrow hits you!
An electric hum fills the air.
The centaur warrior shoots an arrow.
The arrow hits you!
Your guardian golem is engulfed in blazing flames.
Flame seeps out of your guardian golem.
The boulder beetle bites your guardian golem but does no damage.
The centaur warrior shoots an arrow.
The arrow hits you!
* * * LOW HITPOINT WARNING * * *
The centaur warrior shoots an arrow.
The arrow hits you!
You die...
Your body crumbles into a pile of gold.

...,*#.*,*,* *,>,**,,,,,,,,,,
,,..##.***,* *,,,******,,,,,,
*+*,...,,,,* *****+#+###***,*****
#.#.##.##### *,,,+...+..,**,*,,,,
#..........# *,>,#.8.#.>,**,*,***
..#.##.###.##*,,,+...+,,,**,*,*,,
*,*,...,,#..######...######,*,*,*
*,.....*,#......8..........,*,,,,
B.#....*,#c§§☼.⌠@..(...⌠...,***,,
#,#.##.*,#.B9§.............,,,,,*
*,#.,..*,#.#######...#####*****,*
,,.,,..,....*#...+...+...#*,,,,,*
*,*,,*,#.#.#*#.<.#.8.#.<.#*******
,,,,,,.B....*#...'...+...#*,,,,,,
*,***#.#,#.#*#####'#'#####**,,,**
*,,,$..*,#.* ****#...#******,*,,<
,,,,****,*,***,,*#.<.#*,*,,,^,,*,


You could see a boulder beetle (ally target), a centaur warrior, a friendly
guardian golem (summoned, inner flame) and a friendly lightning spire (summoned,
sheltered).

Vanquished Creatures
  A ynoxinul (D:11)
  Menkaure (D:5)
  A centaur (D:5)
  An iguana (D:4)
  3 orc wizards
  An adder (D:4)
  An orc (D:8)
  A giant cockroach (D:1)
  5 goblins
  A quokka (D:1)
  3 kobolds
  2 rats
21 creatures vanquished.

Vanquished Creatures (collateral kills)
  4 two-headed ogres
  A death knight (D:12)
  A deep elf pyromancer (D:12)
  2 cyclopes
  3 ugly things
  An orc sorcerer (D:8)
  2 manticores (D:12)
  Joseph (D:8)
  An orange demon (D:11)
  A rust devil (D:11)
  3 gargoyles
  An unseen horror (D:11)
  An ice devil (D:11)
  A tengu conjurer (D:12)
  2 red devils (D:11)
  A komodo dragon (D:11)
  5 trolls
  A hornet (D:9)
  A hellwing (D:11)
  Grinder (D:6)
  Sigmund (D:3)
  2 slime creatures
  A spriggan (shapeshifter) (D:12)
  A wyvern (D:11)
  2 vampires
  3 wraiths (D:12)
  13 yaks
  2 steam dragons
  2 basilisks
  A human (shapeshifter) (D:12)
  2 vampire mosquitoes
  A warg (D:11)
  An acid dragon (D:12)
  2 water moccasins (D:8)
  A black bear (D:6)
  A swamp drake (D:11)
  2 sky beasts
  6 orc warriors
  An ice beast (D:6)
  9 centaurs
  9 kobold brigands
  2 bullfrogs (D:7)
  A gnoll sergeant (D:12)
  2 scorpions
  3 wights (D:6)
  6 killer bees
  2 howler monkeys
  5 quasits (D:11)
  A jelly (D:6)
  A gnoll bouda (D:9)
  3 hounds (D:6)
  4 orc priests
  An iguana (D:6)
  Jessica (D:2)
  13 orc wizards
  Robin (D:4)
  13 gnolls
  11 adders
  2 shadow imps (D:6)
  2 white imps
  45 orcs
  5 ball pythons
  6 endoplasms
  6 giant cockroaches
  11 goblins
  9 hobgoblins
  6 jackals
  2 quokkas (D:4)
  9 bats
  7 frilled lizards
  25 kobolds
  5 rats
307 creatures vanquished.

Vanquished Creatures (others)
  A yaktaur captain (D:12)
  A centaur warrior (D:8)
  A two-headed ogre (D:12)
  4 boulder beetles
  2 ugly things
  A cyclops (D:12)
  2 gargoyles
  A kobold demonologist (D:12)
  A tengu conjurer (D:12)
  An ice devil (D:11)
  A troll (D:12)
  3 slime creatures
  7 yaks
  A wyvern (D:11)
  A basilisk (D:11)
  3 vampire mosquitoes
  6 orc warriors
  2 centaurs (D:12)
  A kobold brigand (Bailey)
  A gnoll sergeant (D:5)
  4 wights
  An orc priest (D:8)
  A gnoll bouda (D:4)
  2 iguanas
  3 gnolls
  An orc (D:11)
  A hobgoblin (D:4)
  3 demonic plants (D:11)
  16 plants (D:12)
73 creatures vanquished.

Grand Total: 401 creatures vanquished

Notes
Turn   | Place    | Note
-------+----------+-------------------------------------------
     0 | D:1      | arthad the Felid Summoner began the quest for the Orb.
     0 | D:1      | Reached XP level 1. HP: 7/7 MP: 4/4
   298 | D:1      | Reached XP level 2. HP: 11/11 MP: 3/6
   524 | D:1      | Learned a level 2 spell: Call Imp
   671 | D:1      | Reached skill level 5 in Summonings
   867 | D:1      | Reached XP level 3. HP: 14/14 MP: 2/7
   953 | D:1      | Learned a level 3 spell: Call Canine Familiar
  1778 | D:2      | Noticed Jessica
  1806 | D:2      | Killed Jessica
  1807 | D:2      | Reached XP level 4. HP: 18/18 MP: 2/8
  2333 | D:3      | Reached skill level 6 in Summonings
  2467 | D:3      | Noticed Sigmund
  2510 | D:3      | Killed Sigmund
  2511 | D:3      | Reached skill level 1 in Fighting
  2511 | D:3      | Reached XP level 5. HP: 11/22 MP: 4/10
  2511 | D:3      | Gained mutation: You are covered in thick fur. (AC +2)
                  | [Felid growth]
  2511 | D:3      | Reached XP level 6. HP: 13/25 MP: 4/11
  2515 | D:3      | Learned a level 3 spell: Summon Guardian Golem
  2671 | D:3      | Found a broken altar of Ashenzari.
  2721 | D:3      | Found an opulent altar of Gozag.
  2744 | D:3      | Became a worshipper of Gozag Ym Sagoz the Greedy
  3282 | D:4      | Found Ynauricw's Weapon Boutique.
  3374 | D:4      | Noticed Robin
  3399 | D:4      | Reached skill level 1 in Hexes
  3408 | D:4      | Killed Robin
  4036 | D:4      | Noticed an orc warrior
  4048 | D:4      | Killed an orc warrior
  4049 | D:4      | Reached skill level 7 in Summonings
  4049 | D:4      | Reached XP level 7. HP: 22/30 MP: 1/13
  4308 | D:4      | Found Pilica's Practical Paraphernalia.
  4324 | D:4      | Bought a scroll of immolation for 48 gold pieces
  4324 | D:4      | Bought a scroll of poison for 48 gold pieces
  4499 | D:4      | Learned a level 4 spell: Summon Lightning Spire
  4896 | D:5      | Entered Level 5 of the Dungeon
  5002 | D:5      | Noticed Menkaure
  5006 | D:5      | Killed Menkaure
  5007 | D:5      | Reached XP level 8. HP: 14/34 MP: 11/15
  5152 | D:5      | Found a shadowy altar of Dithmenos.
  5214 | D:5      | Reached skill level 1 in Air Magic
  5668 | D:6      | Reached skill level 5 in Dodging
  5968 | D:6      | Reached skill level 5 in Spellcasting
  6029 | D:6      | Reached skill level 8 in Summonings
  6273 | D:6      | Found a stormy altar of Qazlal.
  6284 | D:6      | Found a staircase to the Ecumenical Temple.
  6516 | D:6      | Noticed Grinder
  6545 | D:6      | Killed Grinder
  6546 | D:6      | Reached skill level 5 in Hexes
  6546 | D:6      | Reached XP level 9. HP: 30/39 MP: 9/18
  6890 | D:6      | Noticed a troll
  6890 | D:6      | Noticed a two-headed ogre
  6920 | D:6      | Killed a two-headed ogre
  6921 | D:6      | Reached skill level 9 in Summonings
  6921 | D:6      | Killed a troll
  7275 | D:6      | Found Yrosefer's Assorted Antiques.
  7278 | D:6      | Bought a murky emerald potion for 26 gold pieces
  7278 | D:6      | Bought a scroll labelled GIECIZX BYUSUJIAFY for 29 gold
                  | pieces
  7278 | D:6      | Bought a bubbling dark potion for 26 gold pieces
  7278 | D:6      | Bought a murky pink potion for 26 gold pieces
  7278 | D:6      | Bought a scroll labelled GIECIZX BYUSUJIAFY for 29 gold
                  | pieces
  7383 | D:7      | Found a flagged portal.
  7392 | Bailey   | Entered a bailey
  7553 | Bailey   | Identified the +2 battleaxe "Concordance" {freeze, rCorr
                  | Str+3}
  7564 | Bailey   | Found an iron altar of Okawaru.
  7580 | Bailey   | Reached XP level 10. HP: 43/43 MP: 5/21
  7648 | Bailey   | Reached skill level 5 in Fighting
  7955 | D:7      | Found an iron altar of Okawaru.
  7955 | D:7      | Found a white marble altar of Elyvilon.
  7955 | D:7      | Found a shimmering altar of Xom.
  7955 | D:7      | Found a glowing golden altar of the Shining One.
  8601 | D:7      | Noticed a two-headed ogre
  8611 | D:7      | Killed a two-headed ogre
  8995 | D:8      | Reached skill level 10 in Summonings
  8995 | D:8      | Noticed a gargoyle
  9010 | D:8      | Killed a gargoyle
  9017 | D:8      | Noticed Joseph
  9040 | D:8      | Noticed an orc sorcerer
  9041 | D:8      | Noticed a boulder beetle
  9045 | D:8      | Killed Joseph
  9203 | D:8      | Noticed a centaur warrior
  9208 | D:8      | Shot with an arrow by a centaur warrior
  9209 | D:8      | Reached XP level 9. HP: -2/40 MP: 13/21
  9226 | D:8      | Identified the +10 flail of Tomorrow {flame, rPois Str+4
                  | Dex+4}
  9361 | D:8      | Noticed a cyan ugly thing
  9416 | D:8      | Killed a cyan ugly thing
  9436 | D:8      | Killed a boulder beetle
  9437 | D:8      | Reached XP level 10. HP: 45/45 MP: 2/23
  9677 | D:8      | Shot with an arrow by a centaur warrior
  9678 | D:8      | Reached XP level 9. HP: -7/41 MP: 23/31
  9692 | D:8      | Killed a centaur warrior
  9732 | D:8      | Killed an orc sorcerer
  9846 | D:8      | Found a hazy altar of Hepliaklqana.
 10290 | D:9      | Noticed a troll
 10299 | D:9      | Killed a troll
 10356 | D:9      | Reached XP level 10. HP: 45/45 MP: 23/23
 10363 | D:9      | Reached skill level 11 in Summonings
 10363 | D:9      | Reached skill level 5 in Air Magic
 10482 | D:9      | Noticed a boulder beetle
 10496 | D:9      | Killed a boulder beetle
 11307 | D:10     | Entered Level 10 of the Dungeon
 11769 | D:10     | Reached XP level 11. HP: 49/49 MP: 25/25
 12181 | D:11     | Learned a level 5 spell: Agony
 12303 | D:11     | Found an ornate altar of the Wu Jian Council.
 12674 | D:11     | Noticed a two-headed ogre
 12685 | D:11     | Noticed a green ugly thing
 12699 | D:11     | Killed a two-headed ogre
 12700 | D:11     | Reached skill level 12 in Summonings
 12700 | D:11     | Reached skill level 1 in Necromancy
 12733 | D:11     | Killed a green ugly thing
 12824 | D:11     | Found a staircase to the Orcish Mines.
 13225 | D:11     | Reached skill level 10 in Dodging
 13225 | D:11     | Reached skill level 10 in Spellcasting
 13320 | D:11     | Found a staircase to the Lair.
 14104 | D:12     | Gained mutation: Your thick and shaggy fur keeps you warm.
                  | (AC +3, rC+) [Felid growth]
 14104 | D:12     | Reached XP level 12. HP: 40/54 MP: 17/27
 14260 | D:12     | Noticed a two-headed ogre
 14269 | D:12     | Killed a two-headed ogre
 14273 | D:12     | Engulfed by their own flame
 14274 | D:12     | Reached XP level 11. HP: -9/51 MP: 23/35
 14358 | D:12     | Noticed a two-headed ogre
 14375 | D:12     | Killed a two-headed ogre
 14540 | D:12     | Noticed a boulder beetle
 14547 | D:12     | Killed a boulder beetle
 14699 | D:12     | Noticed a yaktaur captain
 14806 | D:12     | Killed a yaktaur captain
 14807 | D:12     | Reached skill level 13 in Summonings
 15032 | D:12     | Noticed a purple ugly thing
 15036 | D:12     | Noticed a brown ugly thing
 15046 | D:12     | Killed a purple ugly thing
 15049 | D:12     | Killed a brown ugly thing
 15389 | D:12     | Noticed a death knight
 15402 | D:12     | Killed a death knight
 15403 | D:12     | Reached XP level 12. HP: 55/55 MP: 18/27
 15843 | D:12     | Found a runed translucent door.
 15843 | D:12     | Noticed a sphinx
 15845 | D:12     | Noticed an ettin
 15845 | D:12     | Noticed an ettin
 16069 | D:12     | Noticed a boulder beetle
 16120 | D:12     | Killed a boulder beetle
 16495 | D:13     | Noticed a boulder beetle
 16505 | D:13     | Noticed a centaur warrior
 16518 | D:13     | Shot with an arrow by a centaur warrior

Illustrated notes

Levels and vault maps discovered:
D:1:      matt_arrival_spirals, layout_basic, st_stairs_10,
          dreamdust_princess_bridge
D:2:      layout_basic, uniq_jessica
D:3:      layout_basic, mainiacjoe_overflow_catch_the_wave, hex_medium,
          hangedman_abyss_or_decor_lesser_grid, grunt_ministairs_11,
          uniq_sigmund
D:4:      layout_loops_cross, serial_shops, nicolae_stop_n_shop_1,
          grunt_ministairs_4, nicolae_alphabet_shops, minmay_mini_jars,
          uniq_robin
D:5:      layout_rooms, grunt_dithmenos_smoke, uniq_menkaure
D:6:      layout_basic, nicolae_qazlal_eye_of_the_storm,
          minmay_temple_entry_nine_rooms, serial_shops, kennysheep_mini,
          hangedman_decor_points, minmay_divided_ellipse, uniq_grinder
D:7:      layout_basic, grunt_temple_overflow_cloverleaf, enter_bailey_8
D:8:      cheibrodos_wizards_tower, layout_rooms, overflow_temple_1_default,
          minmay_radiant, uniq_joseph
D:9:      layout_roguey
D:10:     layout_long_grid
D:11:     layout_long_grid, erik_lair_dragon, david_orc_3, serial_demonic,
          serial_demonic_f, serial_demonic_f, serial_demonic_e,
          serial_demonic_d, nicolae_wu_jian_immortal_techniques
D:12:     nzn_winding_woodlands_stair_cross [nzn_winding_woodlands_5x15_crooked,
          nzn_winding_woodlands_center_lodge,
          nzn_winding_woodlands_5x15_concentric,
          nzn_winding_woodlands_5x5_cross,
          nzn_winding_woodlands_5x5_closed_star,
          nzn_winding_woodlands_5x15_sawtooth,
          nzn_winding_woodlands_center_garden,
          nzn_winding_woodlands_5x15_garden], layout_loops_ring,
          minmay_hidden_floor
D:13:     layout_basic, gauntlet_entry_generic, nicolae_elevator_lobby_plus

Skill      XL: |  1  2  3  4  5  6  7  8  9 10 11 12 |
---------------+-------------------------------------+-----
Summonings     | 5 6 7 8 9 11 13 | 13.2
Fighting       | 1 2 3 6 5 8 |  8.3
Dodging        | 3 4 5 8 9 11 | 11.1
Spellcasting   | 3 4 5 8 9 10 11 | 11.1
Hexes          | 2 3 5 |  5.0
Air Magic      | 2 3 5 6 7 |  7.0
Necromancy     | 4 3 |  4.4
Stealth        | |  2.6

Action                   |  1- 3 |  4- 6 |  7- 9 | 10-12 || total
-------------------------+-------+-------+-------+-------++-------
Melee: Unarmed           |    28 |    27 |    41 |    37 ||   133
       Bite              |     2 |     1 |    11 |     7 ||    21
 Cast: Summon Small Mamm |    42 |    22 |    20 |       ||    84
       Call Imp          |    11 |    14 |    16 |    17 ||    58
       Call Canine Famil |     5 |    16 |    35 |    59 ||   115
       Summon Guardian G |       |     6 |    30 |    76 ||   112
       Summon Lightning  |       |       |    21 |   109 ||   130
       Agony             |       |       |       |     1 ||     1
Evoke: Wand              |       |       |     4 |     6 ||    10
       Phial of floods   |       |       |       |     1 ||     1
  Use: Scroll            |       |       |    15 |     4 ||    19
       Potion            |       |       |     1 |     1 ||     2
 Stab: Distracted        |     1 |       |     2 |     3 ||     6
Armor: Skin              |    13 |     5 |    15 |    16 ||    49
Dodge: Dodged            |    41 |    38 |    91 |   213 ||   383

Table legend: (Time is in decaauts)
 A = Elapsed time spent in this place.
 B = Non-inter-level travel time spent in this place.
 C = Inter-level travel time spent in this place.
 D = Time resting spent in this place.
 E = Time spent auto-exploring this place.
 F = Levels seen in this place.
 G = Mean time per level.
                   A        B        C        D        E       F      G
               +--------+--------+--------+--------+--------+-----+--------+
         Total |  14749 |  14354 |    395 |    930 |   9766 |  14 | 1053.5 |
       Dungeon |  14381 |  13986 |    395 |    899 |   9585 |  13 | 1106.2 |
        Bailey |    367 |    367 |      0 |     31 |    181 |   1 |  367.0 |
               +--------+--------+--------+--------+--------+-----+--------+

Top non-repeatable levels by time:
    D:12: 2274 daAuts
    D:11: 1581 daAuts
     D:4: 1476 daAuts
     D:6: 1467 daAuts
     D:7: 1219 daAuts
     D:8: 1085 daAuts
     D:2: 1044 daAuts
     D:1: 1021 daAuts
     D:9: 927 daAuts
     D:3: 774 daAuts
    D:10: 715 daAuts
     D:5: 680 daAuts
  Bailey: 367 daAuts
    D:13: 114 daAuts
